TOP OF THE 1ST |
Florida Gators batting - Pitching for Oklahoma Sooners : RHP Dennis Donovan
|
Pitching: RHP Dennis Donovan
|
|
Batting: LHB Jeff Fountain
|
0-0: Ball 1-0: Called Strike 1-1: Ball 2-1: Swinging Strike 2-2: Foul Ball, location: 2F 2-2: Strikes out looking
|
Batting: RHB Joe Richardson
|
0-0: Ball 1-0: Called Strike 1-1: Bunted foul 1-2: Ball 2-2: Ball 3-2: SOLO HOME RUN (Flyball, 7D), Distance : 361 ft
|
Batting: LHB Mark Strong
|
0-0: Ball 1-0: Ball 2-0: Swinging Strike 2-1: Foul Ball, location: 2F 2-2: Foul Ball, location: 2F 2-2: Strikes out swinging
|
Batting: LHB Juan Torres
|
0-0: Called Strike 0-1: Hit by Pitch
|
Batting: RHB Mario Solís
|
0-0: Ball Wild Pitch! Juan Torres to second 1-0: SINGLE (Line Drive, 78M) Juan Torres to third
|
Batting: RHB Larry Kennedy
|
0-0: Ball 1-0: Ball 2-0: Swinging Strike 2-1: Called Strike 2-2: Strikes out swinging
|
Top of the 1st over - 1 run(s), 2 hit(s), 0 error(s), 2 left on base; Florida 1 - Oklahoma 0 |
BOTTOM OF THE 1ST |
Oklahoma Sooners batting - Pitching for Florida Gators : LHP Billy Davis
|
Pitching: LHP Billy Davis
|
|
Batting: SHB Donald Reed
|
0-0: Swinging Strike 0-1: Swinging Strike 0-2: SINGLE (Line Drive, 56D)
|
Batting: RHB Ben Fisher
|
0-0: Called Strike 0-1: Ball 1-1: Ground out 3-1 (Groundball, 34) Donald Reed to second
|
Batting: RHB Adam Reeves
|
0-0: Fly out, F6 (Popup, 56D)
|
Batting: RHB Steven Wright
|
0-0: Ball 1-0: Called Strike 1-1: Ball Wild Pitch! Donald Reed to third 2-1: Foul Ball, location: 2F 2-2: Ball 3-2: Base on Balls
|
Batting: SHB Walt Rodgers
|
0-0: Ball 1-0: Fly out, F9 (Flyball, 9LM)
|
Bottom of the 1st over - 0 run(s), 1 hit(s), 0 error(s), 2 left on base; Florida 1 - Oklahoma 0 |
TOP OF THE 2ND |
Florida Gators batting - Pitching for Oklahoma Sooners : RHP Dennis Donovan
|
Batting: SHB Leroy Sibbald
|
0-0: Called Strike 0-1: Ball 1-1: Ball 2-1: Swinging Strike 2-2: Ball 3-2: Foul Ball, location: 2F 3-2: Base on Balls
|
Batting: RHB Johnny MacNamara
|
0-0: Ball 1-0: Ball 2-0: Called Strike 2-1: Foul Ball, location: 2F 2-2: Ball 3-2: Fly out, F7 (Line Drive, 7M)
|
Batting: RHB Butch Richardson
|
0-0: SINGLE (Line Drive, 6D) Leroy Sibbald to second
|
Batting: LHB Jeff Fountain
|
0-0: Ball Leroy Sibbald steals 3rd base Butch Richardson to second 1-0: Called Strike 1-1: Fly out, F6 (Line Drive, 6)
|
Batting: RHB Joe Richardson
|
0-0: Foul Ball, location: 2F 0-1: Foul Ball, location: 2F 0-2: Ball 1-2: Ball 2-2: Foul Ball, location: 2F 2-2: Ball 3-2: Base on Balls
|
Batting: LHB Mark Strong
|
0-0: Ball 1-0: Ball 2-0: Ball 3-0: Base on Balls Leroy Sibbald scores Butch Richardson to third Joe Richardson to second
|
Batting: LHB Juan Torres
|
0-0: Called Strike 0-1: Fly out, F7 (Flyball, 7LM)
|
Top of the 2nd over - 1 run(s), 1 hit(s), 0 error(s), 3 left on base; Florida 2 - Oklahoma 0 |
BOTTOM OF THE 2ND |
Oklahoma Sooners batting - Pitching for Florida Gators : LHP Billy Davis
|
Batting: LHB Keith Green
|
0-0: Called Strike 0-1: Ball 1-1: Swinging Strike 1-2: Ball 2-2: Strikes out swinging
|
Batting: RHB Dan Mitchell
|
0-0: Ball 1-0: Swinging Strike 1-1: Ball 2-1: Ball 3-1: Base on Balls
|
Batting: SHB César Álvarez
|
0-0: Ball 1-0: Fly out, F8 (Flyball, 8RS)
|
Batting: RHB Dennis Donovan
|
0-0: Swinging Strike 0-1: SINGLE (Groundball, 15S) (infield hit) Dan Mitchell to second
|
Batting: SHB Donald Reed
|
0-0: Ball 1-0: DOUBLE (Flyball, 8LM) Dan Mitchell scores Dennis Donovan to third
|
Batting: RHB Ben Fisher
|
0-0: Ball 1-0: Swinging Strike 1-1: Ground out 6-3 (Groundball, 56)
|
Bottom of the 2nd over - 1 run(s), 2 hit(s), 0 error(s), 2 left on base; Florida 2 - Oklahoma 1 |
TOP OF THE 3RD |
Florida Gators batting - Pitching for Oklahoma Sooners : RHP Dennis Donovan
|
Batting: RHB Mario Solís
|
0-0: Foul Ball, location: 2F 0-1: Ball 1-1: Ball 2-1: Foul Ball, location: 2F 2-2: Ball 3-2: Base on Balls
|
Batting: RHB Larry Kennedy
|
0-0: Ball 1-0: Foul Ball, location: 2F 1-1: Fly out, F7 (Flyball, 78M)
|
Batting: SHB Leroy Sibbald
|
0-0: Ball 1-0: Swinging Strike 1-1: Ball 2-1: Foul Ball, location: 2F 2-2: SINGLE (Groundball, 6MD) Mario Solís to second Runner from 2nd tries for 3rd, SAFE, no throw or cutoff
|
Batting: RHB Johnny MacNamara
|
0-0: Ball 1-0: DOUBLE (Flyball, 78M) Mario Solís scores Leroy Sibbald to third
|
Batting: RHB Butch Richardson
|
0-0: Ball 1-0: Called Strike 1-1: Ball 2-1: Foul Ball, location: 2F 2-2: Fly out, F9 (Flyball, 9M) Throwing error, E9 Leroy Sibbald scores Johnny MacNamara to third
|
Batting: LHB Jeff Fountain
|
0-0: Called Strike 0-1: Swinging Strike 0-2: Ball 1-2: Fly out, F7 (Flyball, 78S)
|
Top of the 3rd over - 2 run(s), 2 hit(s), 1 error(s), 1 left on base; Florida 4 - Oklahoma 1 |
BOTTOM OF THE 3RD |
Oklahoma Sooners batting - Pitching for Florida Gators : LHP Billy Davis
|
Batting: RHB Adam Reeves
|
0-0: Called Strike 0-1: Ball 1-1: Ground out 4-3 (Groundball, 4MS)
|
Batting: RHB Steven Wright
|
0-0: Ball 1-0: Called Strike 1-1: Ball 2-1: Ball 3-1: Ground out 6-3 (Groundball, 6M)
|
Batting: SHB Walt Rodgers
|
0-0: Swinging Strike 0-1: Foul Ball, location: 2F 0-2: Strikes out swinging
|
Bottom of the 3rd over - 0 run(s), 0 hit(s), 0 error(s), 0 left on base; Florida 4 - Oklahoma 1 |
TOP OF THE 4TH |
Florida Gators batting - Pitching for Oklahoma Sooners : RHP Dennis Donovan
|
Pitching: LHP Bob Pitchforth
|
|
Batting: RHB Joe Richardson
|
0-0: Called Strike 0-1: SINGLE (Flyball, 78S)
|
Batting: LHB Mark Strong
|
0-0: Called Strike 0-1: Ball 1-1: Swinging Strike 1-2: Strikes out swinging
|
Batting: LHB Juan Torres
|
0-0: Ball 1-0: Called Strike 1-1: Fly out, F8 (Flyball, 8RD)
|
Batting: RHB Mario Solís
|
0-0: Called Strike 0-1: Called Strike 0-2: Foul Ball, location: 2F 0-2: Ball 1-2: Foul Ball, location: 2F 1-2: Strikes out looking
|
Top of the 4th over - 0 run(s), 1 hit(s), 0 error(s), 1 left on base; Florida 4 - Oklahoma 1 |
BOTTOM OF THE 4TH |
Oklahoma Sooners batting - Pitching for Florida Gators : LHP Billy Davis
|
Batting: LHB Keith Green
|
0-0: Foul Ball, location: 2F 0-1: Ball 1-1: Swinging Strike 1-2: Ball 2-2: Ball 3-2: Base on Balls
|
Batting: RHB Dan Mitchell
|
0-0: Ball 1-0: Foul Ball, location: 2F 1-1: Ball 2-1: SINGLE (Line Drive, 89S) Keith Green to second
|
Batting: SHB César Álvarez
|
0-0: TRIPLE (Flyball, 9M) Keith Green scores Dan Mitchell scores
|
Batting: RHB Dennis Donovan
|
0-0: Ball 1-0: Fly out, F8 (Line Drive, 8LM) Runner from 3rd tags up, SCORES, no throw
|
Batting: SHB Donald Reed
|
0-0: Ball 1-0: Called Strike 1-1: Ground out 5-3 (Groundball, 56)
|
Batting: RHB Ben Fisher
|
0-0: Ball 1-0: Called Strike 1-1: Ball 2-1: Foul Ball, location: 2F 2-2: Foul Ball, location: 2F 2-2: Ball 3-2: Strikes out looking
|
Bottom of the 4th over - 3 run(s), 2 hit(s), 0 error(s), 0 left on base; Florida 4 - Oklahoma 4 |
TOP OF THE 5TH |
Florida Gators batting - Pitching for Oklahoma Sooners : LHP Bob Pitchforth
|
Batting: RHB Larry Kennedy
|
0-0: Called Strike 0-1: Foul Ball, location: 2F 0-2: Hit by Pitch
|
Batting: SHB Leroy Sibbald
|
0-0: Ball 1-0: Ball 2-0: Ball 3-0: Base on Balls Larry Kennedy to second
|
Batting: RHB Johnny MacNamara
|
0-0: Foul Ball, location: 2F 0-1: Ball 1-1: Swinging Strike 1-2: Ball 2-2: Ball 3-2: Base on Balls Larry Kennedy to third Leroy Sibbald to second
|
Batting: RHB Butch Richardson
|
0-0: Swinging Strike 0-1: Ball 1-1: Ball 2-1: Foul Ball, location: 2F 2-2: Foul Ball, location: 2F 2-2: Strikes out swinging
|
Batting: LHB Jeff Fountain
|
0-0: Called Strike 0-1: Ball 1-1: Ball 2-1: Ball 3-1: Base on Balls Larry Kennedy scores Leroy Sibbald to third Johnny MacNamara to second
|
Pitching: RHP Joseph Taylor
|
|
Batting: RHB Joe Richardson
|
0-0: Ball 1-0: Swinging Strike 1-1: Swinging Strike 1-2: Foul Ball, location: 2F 1-2: Ball 2-2: Strikes out swinging
|
Batting: LHB Mark Strong
|
0-0: Ball 1-0: Ball 2-0: Called Strike 2-1: SINGLE (Groundball, 4MD) Leroy Sibbald scores Johnny MacNamara to third Jeff Fountain to second Runner from 3rd tries for Home, SAFE, throw made home Jeff Fountain to third Mark Strong to second
|
Batting: LHB Juan Torres
|
0-0: Ball 1-0: Swinging Strike 1-1: Foul Ball, location: 2F 1-2: Strikes out swinging
|
Top of the 5th over - 3 run(s), 1 hit(s), 0 error(s), 2 left on base; Florida 7 - Oklahoma 4 |
BOTTOM OF THE 5TH |
Oklahoma Sooners batting - Pitching for Florida Gators : LHP Billy Davis
|
Batting: RHB Adam Reeves
|
0-0: Ball 1-0: Ball 2-0: Called Strike 2-1: Fly out, F7 (Flyball, 7M)
|
Batting: RHB Steven Wright
|
0-0: Called Strike 0-1: Ground out 5-3 (Groundball, 5)
|
Batting: SHB Walt Rodgers
|
0-0: Ball 1-0: Swinging Strike 1-1: Ball 2-1: Ball 3-1: Foul Ball, location: 2F 3-2: Foul Ball, location: 2F 3-2: Foul Ball, location: 2F 3-2: Base on Balls
|
Pitching: RHP Santiago Castro
|
|
Batting: LHB Keith Green
|
0-0: Called Strike Walt Rodgers steals 2nd base 0-1: Called Strike 0-2: Ball 1-2: Foul Ball, location: 2F 1-2: DOUBLE (Line Drive, 89M) Walt Rodgers scores
|
Batting: RHB Dan Mitchell
|
0-0: Ball 1-0: Called Strike 1-1: Ball 2-1: Called Strike 2-2: Strikes out swinging
|
Bottom of the 5th over - 1 run(s), 1 hit(s), 0 error(s), 1 left on base; Florida 7 - Oklahoma 5 |
TOP OF THE 6TH |
Florida Gators batting - Pitching for Oklahoma Sooners : RHP Joseph Taylor
|
Batting: RHB Mario Solís
|
0-0: Ball 1-0: Swinging Strike 1-1: Foul Ball, location: 2F 1-2: Ball 2-2: Ball 3-2: Base on Balls
|
Batting: RHB Larry Kennedy
|
0-0: Called Strike 0-1: Ball 1-1: Ball 2-1: Swinging Strike 2-2: Strikes out swinging
|
Pitching: LHP Jeff Austin
|
|
Batting: SHB Leroy Sibbald
|
0-0: Called Strike 0-1: Swinging Strike 0-2: Grounds into double play, U3-6 (Groundball, 3L)
|
Top of the 6th over - 0 run(s), 0 hit(s), 0 error(s), 0 left on base; Florida 7 - Oklahoma 5 |
BOTTOM OF THE 6TH |
Oklahoma Sooners batting - Pitching for Florida Gators : RHP Santiago Castro
|
Batting: SHB César Álvarez
|
0-0: Foul Ball, location: 2F 0-1: Foul Ball, location: 2F 0-2: Ball 1-2: Ground out 5-3 (Groundball, 5S)
|
Batting: RHB Dennis Donovan
|
0-0: Ball 1-0: Foul Ball, location: 2F 1-1: Called Strike 1-2: SINGLE (Line Drive, 9LM)
|
Batting: SHB Donald Reed
|
0-0: Called Strike 0-1: Ball 1-1: Ball 2-1: Swinging Strike 2-2: Ball 3-2: Base on Balls Dennis Donovan to second
|
Batting: RHB Ben Fisher
|
0-0: Ball 1-0: Ball 2-0: Called Strike 2-1: Ball 3-1: Base on Balls Dennis Donovan to third Donald Reed to second
|
Batting: RHB Adam Reeves
|
0-0: Called Strike 0-1: Swinging Strike 0-2: Ball 1-2: Ball 2-2: Foul Ball, location: 2F 2-2: Ball 3-2: Base on Balls Dennis Donovan scores Donald Reed to third Ben Fisher to second
|
Batting: RHB Steven Wright
|
0-0: Called Strike 0-1: Fly out, F9 (Flyball, 9M) Runner from 3rd tags up, SCORES, no throw
|
Pitching: RHP Michael Short
|
|
Batting: SHB Walt Rodgers
|
0-0: Ball 1-0: Ball 2-0: Ground out 4-3 (Groundball, 4)
|
Bottom of the 6th over - 2 run(s), 1 hit(s), 0 error(s), 2 left on base; Florida 7 - Oklahoma 7 |
TOP OF THE 7TH |
Florida Gators batting - Pitching for Oklahoma Sooners : LHP Jeff Austin
|
Batting: RHB Johnny MacNamara
|
0-0: Swinging Strike 0-1: Called Strike 0-2: Foul Ball, location: 2F 0-2: Ball 1-2: Strikes out swinging
|
Batting: RHB Butch Richardson
|
0-0: Ball 1-0: Ball 2-0: Called Strike 2-1: Ground out 4-3 (Groundball, 34D)
|
Batting: LHB Jeff Fountain
|
0-0: Swinging Strike 0-1: Ball 1-1: Ball 2-1: Ball 3-1: Foul Ball, location: 2F 3-2: Foul Ball, location: 2F 3-2: Foul Ball, location: 2F 3-2: Foul Ball, location: 2F 3-2: Base on Balls
|
Batting: RHB Joe Richardson
|
0-0: Ball 1-0: Ball 2-0: Fly out, F8 (Line Drive, 8LM)
|
Top of the 7th over - 0 run(s), 0 hit(s), 0 error(s), 1 left on base; Florida 7 - Oklahoma 7 |
BOTTOM OF THE 7TH |
Oklahoma Sooners batting - Pitching for Florida Gators : RHP Michael Short
|
Batting: LHB Keith Green
|
0-0: Ball 1-0: Called Strike 1-1: Swinging Strike 1-2: Strikes out looking
|
Batting: RHB Dan Mitchell
|
0-0: SINGLE (Line Drive, 5D)
|
Batting: SHB César Álvarez
|
0-0: Foul Ball, location: 2F 0-1: Fielders Choice at 2nd, 5-4 (Groundball, 56)
|
Batting: RHB Dennis Donovan
|
0-0: Ball 1-0: Fly out, F8 (Popup, 6MD)
|
Bottom of the 7th over - 0 run(s), 1 hit(s), 0 error(s), 1 left on base; Florida 7 - Oklahoma 7 |
TOP OF THE 8TH |
Florida Gators batting - Pitching for Oklahoma Sooners : LHP Jeff Austin
|
Batting: LHB Mark Strong
|
0-0: Ball 1-0: SINGLE (Flyball, 8LS)
|
Batting: LHB Juan Torres
|
0-0: Ball 1-0: Called Strike 1-1: Foul Ball, location: 2F 1-2: Grounds into double play, 4-6-3 (Groundball, 4)
|
Batting: RHB Mario Solís
|
0-0: Swinging Strike 0-1: SINGLE (Groundball, 6)
|
Batting: RHB Larry Kennedy
|
0-0: Ball 1-0: Called Strike 1-1: Ball 2-1: Fly out, F9 (Flyball, 9LS)
|
Top of the 8th over - 0 run(s), 2 hit(s), 0 error(s), 1 left on base; Florida 7 - Oklahoma 7 |
BOTTOM OF THE 8TH |
Oklahoma Sooners batting - Pitching for Florida Gators : RHP Michael Short
|
Batting: SHB Donald Reed
|
0-0: Ball 1-0: Ball 2-0: DOUBLE (Line Drive, 9LM)
|
Batting: RHB Ben Fisher
|
0-0: Intentional Walk
|
Batting: RHB Adam Reeves
|
0-0: Ball 1-0: SINGLE (Line Drive, 6M) Donald Reed to third Ben Fisher to second
|
Batting: RHB Steven Wright
|
0-0: Ball 1-0: Ball 2-0: Foul Ball, location: 2F 2-1: Swinging Strike 2-2: Foul Ball, location: 2F 2-2: Ball 3-2: Base on Balls Donald Reed scores Ben Fisher to third Adam Reeves to second
|
Batting: SHB Walt Rodgers
|
0-0: Ball 1-0: Foul Ball, location: 2F 1-1: Ball 2-1: Fly out, F8 (Flyball, 8LM) Runner from 3rd tags up, SCORES, throw made
|
Batting: LHB Keith Green
|
0-0: Swinging Strike 0-1: Ball 1-1: Ball 2-1: Foul Ball, location: 2F 2-2: Ball 3-2: Foul Ball, location: 2F 3-2: Foul Ball, location: 2F 3-2: SINGLE (Groundball, 6S) Adam Reeves to third Steven Wright to second Runner from 3rd tries for Home, SAFE, no throw or cutoff
|
Pitching: RHP Keith Shannon
|
|
Batting: RHB Dan Mitchell
|
0-0: DOUBLE (Groundball, 5L) Steven Wright scores Keith Green to third
|
Batting: SHB César Álvarez
|
0-0: Intentional Walk
|
Batting: RHB Dennis Donovan
|
0-0: Fly out, F9 (Flyball, 89M) Runner from 3rd tags up, SCORES, no throw
|
Batting: SHB Donald Reed
|
0-0: Swinging Strike 0-1: Fly out, F8 (Flyball, 8RM)
|
Bottom of the 8th over - 5 run(s), 4 hit(s), 0 error(s), 2 left on base; Florida 7 - Oklahoma 12 |
TOP OF THE 9TH |
Florida Gators batting - Pitching for Oklahoma Sooners : LHP Jeff Austin
|
Pitching: RHP Bill Palmer
|
|
Batting: SHB Leroy Sibbald
|
0-0: Called Strike 0-1: Ball 1-1: Called Strike 1-2: Strikes out looking
|
Batting: RHB Johnny MacNamara
|
0-0: Called Strike 0-1: Called Strike 0-2: Ball 1-2: DOUBLE (Line Drive, 7LS)
|
Batting: RHB Butch Richardson
|
0-0: Ball 1-0: SINGLE (Line Drive, 34D) Johnny MacNamara to third
|
Batting: LHB Jeff Fountain
|
0-0: Ball 1-0: Foul Ball, location: 2F 1-1: Swinging Strike 1-2: Strikes out swinging
|
Batting: RHB Joe Richardson
|
0-0: DOUBLE (Line Drive, 8RXD) Johnny MacNamara scores Butch Richardson to third Runner from 3rd tries for Home, SAFE, no throw or cutoff
|
Pitching: RHP Alex Hicks
|
|
Batting: LHB Mark Strong
|
0-0: Called Strike 0-1: Ground out 3-1 (Groundball, 34S)
|
Top of the 9th over - 2 run(s), 3 hit(s), 0 error(s), 1 left on base; Florida 9 - Oklahoma 12 |
|